[Event "4NCL 2021-22"]
[Site "England"]
[Date "2022.04.30"]
[Round "7.4"]
[White "Toma, Katarzyna"]
[Black "Arkell, Keith C"]
[Result "0-1"]
[ECO "B11"]
[WhiteElo "2420"]
[BlackElo "2380"]
[Annotator "TA"]
[PlyCount "80"]
[EventDate "2021.11.27"]
[EventType "team-tourn"]
[EventCountry "ENG"]
[SourceTitle "playchess.com"]
[Source "ChessBase"]
[SourceQuality "1"]
[TimeControl "40/6000+30:3000+30"]

1. e4 c6 2. Nc3 d5 3. Nf3 Bg4 4. h3 Bxf3 5. Qxf3 dxe4 6. Nxe4 Nd7 {[%emt 0:00:04] B11: Caro-Kann: Two Knights Variation.} 7. d4 Ndf6 {[%emt 0:00:06] is the new trend.} 8. c3 Nxe4 {[%emt 0:00:05] White has an edge.} 9. Qxe4 Nf6 10. Qd3 e6 11. Be2 Be7 12. O-O O-O 13. Bf4 {[%emt 0:04:45] [#]} Nd5 $146 ({Predecessor:} 13... Bd6 14. Bg5 h6 15. Bh4 Be7 16. f4 Nd5 17. Bg3 Bd6 18. c4 Nf6 19. Bh4 Be7 {1-0 (29) Gordon,F (1739)-Davis,L (1972) Terme Catez 2021}) 14. Bg3 Bd6 15. Rfe1 Bxg3 16. Qxg3 Qf6 17. Rad1 Rfd8 18. Bf1 Rd7 19. Re4 Rad8 20. Rd3 Qh6 21. Rd1 g6 22. Qf3 Qg7 23. Rde1 Qf6 24. Qg3 b5 25. Qd3 a6 26. a4 Qe7 27. Ra1 Nf6 28. Re5 c5 {[%emt 0:10:29] Against b4} 29. axb5 axb5 30. Qf3 cxd4 31. Bxb5 Rd5 32. cxd4 Rxd4 33. b3 Kg7 34. Bc4 Nd7 35. Re4 Qd6 36. Rxd4 Qxd4 37. Rd1 {[%emt 0:00:10][%mdl 8192] [#] Loses the game.} (37. Re1 $11 {and White has nothing to worry.}) 37... Ne5 $1 $19 {[%emt 0:00:19][%csl LRc4,LRd1,LRf3] Black is clearly winning.} 38. Rxd4 {[%emt 0:05:31] White wants to mate with Qf4.} Nxf3+ 39. gxf3 Rxd4 40. Kf1 Kf6 {[%emt 0:00:05] Weighted Error Value: White=0.30/Black=0.04 (flawless)} 0-1

[Event "4NCL 2021-22"]
[Site "England"]
[Date "2022.04.30"]
[Round "7.5"]
[White "Astaneh Lopez, Alex"]
[Black "Harvey, Marcus R"]
[Result "1/2-1/2"]
[ECO "E12"]
[WhiteElo "2430"]
[BlackElo "2464"]
[Annotator "TA"]
[PlyCount "33"]
[EventDate "2021.11.27"]
[EventType "team-tourn"]
[EventCountry "ENG"]
[SourceTitle "playchess.com"]
[Source "ChessBase"]
[SourceQuality "1"]
[TimeControl "40/6000+30:3000+30"]

1. d4 Nf6 2. Nf3 e6 3. c4 b6 4. Nc3 Bb7 5. a3 d5 6. Bg5 Be7 7. Bxf6 Bxf6 8. cxd5 exd5 9. g3 O-O 10. Bg2 Re8 11. O-O {[%emt 0:00:32] E12: Queen's Indian: Unusual White 4th moves, 4 a3, 4 Nc3 Bb7 5 a3 and 4 Nc3 Bb7 .} c5 12. e3 Na6 13. Qa4 {[%emt 0:09:36] [#] The position is equal.} Rc8 $146 ({Predecessor:} 13... Nc7 14. Rac1 Qe7 15. Rfd1 Red8 16. dxc5 bxc5 17. Ne1 h6 18. Qa5 Rab8 19. Qxa7 d4 20. exd4 Bxg2 21. Nxg2 Bxd4 {½-½ (36) Brisson,P (2090)-Gilbert,C (2329) ICCF email 2013}) 14. Rfd1 cxd4 15. exd4 Re7 {[%emt 0:09:49] Inhibits Ne5.} 16. Re1 Qe8 17. Qb3 {[%emt 0:13:40] Weighted Error Value: White=0.07 (flawless) /Black=0.08 (flawless)} 1/2-1/2

[Event "4NCL 2021-22"]
[Site "England"]
[Date "2022.04.30"]
[Round "7.6"]
[White "Czopor, Maciej"]
[Black "Eggleston, David J"]
[Result "1/2-1/2"]
[ECO "C02"]
[WhiteElo "2416"]
[BlackElo "2343"]
[Annotator "TA"]
[PlyCount "128"]
[EventDate "2021.11.27"]
[EventType "team-tourn"]
[EventCountry "ENG"]
[SourceTitle "playchess.com"]
[Source "ChessBase"]
[SourceQuality "1"]
[TimeControl "40/6000+30:3000+30"]

1. e4 e6 2. d4 d5 3. e5 c5 4. c3 Nc6 5. Nf3 Qb6 6. Bd3 cxd4 7. O-O $1 {[%emt 0:00:07][%mdl 4] is more profitable than 7.cxd4 at the moment. C02: French: Advance Variation.} Bd7 8. Re1 Nge7 9. h4 (9. Nbd2 {is more complex.} dxc3 10. bxc3 Ng6 11. Nb3) 9... a6 10. Nbd2 dxc3 11. bxc3 {[%emt 0:00:05] [#]} Nf5 $146 ({Predecessor:} 11... Qc7 12. c4 Ng6 13. cxd5 exd5 14. Ng5 Be7 15. Ndf3 Nf8 16. Bf4 Ne6 17. Nxe6 Bxe6 {0-1 (36) Alinasab,M (2355)-Erigaisi,A (2675) Ciutadella de Menorca 2022}) 12. Rb1 {[%emt 0:18:48][%mdl 1024] White has compensation.} Qc7 13. Nb3 Rd8 (13... Be7 $11) 14. h5 (14. Bxf5 $14 exf5 15. Bg5 (15. Qxd5 $2 Be6 $19)) 14... Be7 $11 15. Bf4 b5 16. Qd2 Qb6 17. g4 (17. Bxf5 $14 exf5 18. h6 (18. Qxd5 $2 Be6 $19)) 17... Nh4 18. Nxh4 Bxh4 19. Bg5 Bxg5 20. Qxg5 g6 21. Qh6 Ke7 $1 22. Qg5+ Ke8 23. Re3 Rc8 24. Rf3 ({White should play} 24. Qh6 $14) 24... Qd8 $1 25. Qf4 Qe7 26. h6 Rf8 27. Re1 Qh4 28. Kg2 Qe7 29. Nd2 (29. Kg1 $1 $11) 29... Na5 30. Nf1 (30. Rb1 $11 {keeps the balance.}) 30... Rxc3 $17 31. Bxb5 Rxf3 32. Bxd7+ Kxd7 33. Qxf3 Rb8 {[%emt 0:00:37] Prevents Rb1.} (33... Qb4 $17 34. Re3 Nc4) 34. Ne3 $2 (34. Nd2 $11 {and White stays safe.}) 34... Nc6 $19 35. Rc1 (35. Nc2 $142) 35... Nxe5 36. Qf4 Qd6 {[%emt 0:00:35] Hoping for ...Rb4.} 37. Qf6 (37. g5 {was the only chance.}) 37... d4 38. Rd1 Rb2 $2 (38... Rb5 $19 {[%cal Og6g5] has better winning chances. aiming for ...g5!} 39. Kf1 d3) 39. Kh3 $2 (39. Nc4 $17 Nxc4 40. Rxd4 Ne3+ 41. Kh3) 39... Kc7 $2 ({Stronger than} 39... Rxa2 40. Nc4 Ra3+ 41. Nxa3 Qxa3+ 42. Kh4 Nf3+ 43. Kg3 Ne5+ 44. Kh4 $15) ({Better is} 39... d3 $19 40. f4 {[#]} Re2 $1 41. Qxe5 Qxe5 42. fxe5 Rxe3+ 43. Kg2 Ke7) 40. f4 {[%emt 0:01:03][%mdl 8192] [#]} ({Only move:} 40. Rc1+ $1 $15 Kb7 41. Nc4 Nxc4 42. Rxc4) 40... Re2 $1 41. Rc1+ Kd7 (41... Kb7 $142 {White must now prevent ...Qa3.} 42. Rb1+ Kc6 43. Rc1+ Kb6 44. Rb1+ Kc6 45. Rc1+ Kb7 46. Rb1+ Kc6) 42. fxe5 Rxe3+ {[%emt 0:00:05][%mdl 4096] Endgame KQR-KQR} 43. Kh4 Rxe5 44. Qxf7+ Qe7+ 45. Qxe7+ Kxe7 {[%emt 0:00:04] KR-KR} 46. Rc7+ Kf6 {[%emt 0:00:12] Threatens to win with ...Re3.} 47. Rxh7 g5+ 48. Kg3 Kg6 ({Black should try} 48... Re3+ $19 49. Kf2 Rh3) 49. Rd7 $11 Kxh6 50. Rxd4 Kg6 {[%emt 0:02:20] ...Re3+ is the strong threat.} 51. Kf3 {[%emt 0:06:14] Against Re3+} Kf6 52. Ra4 {[%emt 0:05:36] Against Ra5. The position is equal.} a5 53. Rc4 Ke7 54. Rc6 Kd7 55. Ra6 Rc5 56. Ke4 Ke7 57. Ra8 Kf7 {[%emt 0:02:21] And now ...Rc4+ would win.} 58. Kd4 {[%emt 0:00:58] Inhibits Rc4+.} Rd5+ 59. Ke4 Rb5 {[%emt 0:00:46] Strongly threatening ...Rb4+.} 60. a3 {[%emt 0:02:58] Against Rb4+} Kg7 61. Re8 Kf7 62. Ra8 Kf6 63. Rf8+ Ke7 64. Ra8 Kf6 {[%emt 0:00:44] Black had all chances to win.  Weighted Error Value: White=0.28 (precise) /Black=0.30} 1/2-1/2

[Event "4NCL 2021-22"]
[Site "England"]
[Date "2022.04.30"]
[Round "7.8"]
[White "Willow, Jonah B"]
[Black "Pert, Max"]
[Result "1-0"]
[ECO "B12"]
[WhiteElo "2365"]
[BlackElo "1922"]
[Annotator "TA"]
[PlyCount "81"]
[EventDate "2021.11.27"]
[EventType "team-tourn"]
[EventCountry "ENG"]
[SourceTitle "playchess.com"]
[Source "ChessBase"]
[SourceQuality "1"]
[TimeControl "40/6000+30:3000+30"]

1. e4 c6 2. d4 d5 3. e5 c5 4. dxc5 e6 5. Be3 Nd7 6. Bb5 {[%emt 0:01:35] B12: Caro-Kann: Advance Variation.} Ne7 {[%emt 0:07:55] 6...Ne7 is better than 6...Qc7.} 7. f4 (7. Nf3 $11) 7... Nc6 (7... Nf5 $1 $15 8. Bf2 Qa5+ 9. Nc3 a6) 8. Bxc6 {[%emt 0:01:14] Active counter play! The position is equal.} bxc6 9. b4 {[%emt 0:00:08] [#]} a5 $146 ({Predecessor:} 9... g5 10. Nf3 gxf4 11. Bxf4 Bg7 12. Nbd2 Ba6 13. c4 dxc4 14. Ne4 c3 15. Nd6+ Kf8 {0-1 (57) Kakabayaev,M (2285)-Amburgy,R (1989) Chess.com INT 2021}) 10. c3 Be7 11. Nf3 Ba6 12. a3 O-O (12... f6 $11) 13. Nbd2 (13. Nd4 $1 $16) 13... Qc7 (13... f6 $1 $15 {stays ahead.}) 14. Kf2 f6 15. Nd4 Bxc5 {[%emt 0:15:53] White now steadily converts the win.} 16. bxc5 $16 Nxc5 17. N4f3 ({Don't do} 17. Qg4 $6 fxe5 18. Nxe6 Nxe6 19. Qxe6+ Kh8 $14) 17... Nd3+ {[%emt 0:01:49] [#]} 18. Kg1 $1 fxe5 19. fxe5 Nxe5 20. Nxe5 Qxe5 21. Bd4 Qf4 {[%emt 0:03:09] [#]} (21... Qd6 {might work better.}) 22. Qe1 $1 $18 Rf7 23. Nf3 Re8 24. Qe5 Qg4 {[%emt 0:02:32] [#]} 25. h3 $1 Qg6 (25... Qf4 26. Rb1) 26. Kh2 Bd3 27. Qg3 Qxg3+ 28. Kxg3 {[%emt 0:00:23] Ne5 is the strong threat.} Bb5 (28... Bf5 $142 29. Rac1 Rb7) 29. a4 Ba6 30. Ne5 Rc7 31. Bc5 Rec8 32. Rab1 g5 33. Rb6 Be2 34. Rhb1 h5 35. Rb8 Kg7 36. Rxc8 Rxc8 37. Rb7+ Kg8 (37... Kf6 $142 38. Bd4 Kf5) 38. h4 g4 39. Kf4 {[%emt 0:00:06] White mates.} Bd1 40. Kg5 g3 41. Kf6 {[%emt 0:50:14] Weighted Error Value: White=0.17 (very precise) /Black=0.56} 1-0

[Event "4NCL 2021-22"]
[Site "England"]
[Date "2022.04.30"]
[Round "7.9"]
[White "Shirov, Alexei"]
[Black "Moreby, James"]
[Result "1-0"]
[ECO "C02"]
[WhiteElo "2691"]
[BlackElo "2416"]
[Annotator "TA"]
[PlyCount "83"]
[EventDate "2021.11.27"]
[EventType "team-tourn"]
[EventCountry "ENG"]
[SourceTitle "playchess.com"]
[Source "ChessBase"]
[SourceQuality "1"]
[TimeControl "40/6000+30:3000+30"]

1. e4 e6 2. d4 d5 3. e5 c5 4. c3 Nc6 5. Nf3 Bd7 6. Be2 Nge7 7. Na3 Ng6 8. h4 {[%emt 0:04:17] C02: French: Advance Variation.} Be7 9. h5 Nh4 10. Nxh4 {[%emt 0:00:37] The position is equal.} Bxh4 {[%emt 0:00:05] [#]} 11. Bb5 $146 ({Predecessor:} 11. Be3 cxd4 12. cxd4 O-O 13. Qd2 Be7 14. Nc2 Qb6 15. O-O Rac8 16. Rfc1 f6 17. exf6 Bxf6 {½-½ (43) Grosar,A (2470)-Baumegger,S (2495) Austria 1999}) 11... Be7 12. Qg4 (12. Bxc6 $5 Bxc6 13. Nc2 $11) 12... Kf8 (12... cxd4 $11 13. Qxg7 Rf8 14. Bxc6 Bxc6) 13. Rh3 (13. h6 $14 g6 14. Bxc6 bxc6 15. dxc5) 13... cxd4 14. cxd4 Qa5+ 15. Bd2 Bb4 16. Bc3 Bxc3+ 17. Rxc3 Qb4 18. O-O-O $1 Nxe5 $1 19. Qg3 Bxb5 20. Qxe5 (20. Nxb5 $14 {feels stronger.} Nc4 21. b3 Qxb5 22. bxc4 dxc4 23. d5) 20... Bc6 $11 21. Rdd3 Rg8 (21... Qe7 $15) 22. Rc5 $1 {[%emt 0:03:27][%mdl 1024] Threatens to win with Rb3. White has compensation.} Qb6 23. Nc2 a5 (23... Rc8 $11) 24. Rf3 Re8 (24... Be8 $2 25. Rc7 Rd8 26. Qf4 $18) 25. Ne3 $40 {[%emt 0:03:06][%mdl 128] White is out for blood.} ({Of course not} 25. Qf4 Re7 $11) 25... Qd8 {[%emt 0:01:24] Against Qd6+} 26. Qf4 {[%emt 0:01:17][%csl Gf3][%cal Rf4f7] 0x0.0022a1ce8b63dp-1022s more active pieces. The black rooks are badly placed.} f6 {[%emt 0:01:05] [#]} 27. h6 $1 f5 {[%emt 0:03:55] [#]} 28. hxg7+ ({But not} 28. Nxf5 $6 exf5 29. Qxf5+ Ke7 $11) (28. Ng4 $1 $16) 28... Rxg7 29. g4 Kg8 ({Black should try} 29... h5 $11) 30. gxf5 $14 {[%emt 0:05:11] f6 is the strong threat.} exf5 (30... Qg5 $16) 31. Nxf5 $18 ({Not} 31. Qxf5 Qh4 $11) 31... Rg1+ 32. Kd2 {[%emt 0:00:00] aiming for Rg3+.} Qg5 33. Qxg5+ Rxg5 34. Rxa5 h5 35. Rg3 Rxg3 36. fxg3 $16 {[%emt 0:00:05][%mdl 4096] Endgame KRB-KRN} Kh7 37. b4 (37. Ra3 $142) 37... Rf8 {[%emt 0:00:22] This move loses the game for Black.} (37... Re4 $16) 38. Nh4 $18 Rg8 (38... Rf2+ {might work better.} 39. Kc3 Rf7) 39. b5 Be8 40. Ra7 Rxg3 $2 (40... Rg7 41. a4 Rf7) 41. Rxb7+ Kh8 42. Rb8 {[%emt 0:01:07] Weighted Error Value: White=0.13 (very precise) /Black=0.32} 1-0

[Event "4NCL 2021-22"]
[Site "England"]
[Date "2022.04.30"]
[Round "7.10"]
[White "Roberson, Peter T"]
[Black "Parligras, Mircea-Emilian"]
[Result "1-0"]
[ECO "B87"]
[WhiteElo "2425"]
[BlackElo "2575"]
[Annotator "TA"]
[PlyCount "43"]
[EventDate "2021.11.27"]
[EventType "team-tourn"]
[EventCountry "ENG"]
[SourceTitle "playchess.com"]
[Source "ChessBase"]
[SourceQuality "1"]
[TimeControl "40/6000+30:3000+30"]

1. e4 c5 2. Nf3 d6 3. d4 cxd4 4. Nxd4 Nf6 5. Nc3 a6 6. Bc4 e6 7. Be3 b5 {[%emt 0:05:44] 7...b5 scores better than 7...Be7.} 8. Bb3 Bb7 9. Qe2 {[%emt 0:02:53] B87: Sicilian Scheveningen/Najdorf: 6 Bc4, with early ...b5.} Nbd7 10. O-O-O Rc8 11. f3 {[%emt 0:01:37] The position is equal.} Qa5 {[%emt 0:18:44] [#]} (11... Nc5 $5 ) 12. a3 $146 ({Predecessor:} 12. Rhe1 Rxc3 13. bxc3 d5 14. Kb1 dxe4 15. Qd2 Nc5 16. c4 Qxd2 17. Bxd2 bxc4 18. Bxc4 {0-1 (27) Ibadov,D (2270)-Bocharov,D (2557) St Petersburg 2018}) 12... Rxc3 13. Qe1 $1 {[%emt 0:31:29][%mdl 64] Pin} b4 {[%emt 0:06:10][%cal Oc3e3] Hoping for ...Rxe3!} 14. bxc3 bxc3 15. Kb1 {[%emt 0:05:49] aiming for Rd3.} d5 16. exd5 Nxd5 17. Bc1 {[%emt 0:10:28][%cal Od4e6] Black must now prevent Nxe6!} Be7 {[%emt 0:04:58] [#]} (17... Qb6 $16 {was necessary.}) 18. Nxe6 $1 $18 fxe6 19. Qxe6 Qb6 20. Rhe1 {[%emt 0:06:42] Strongly threatening Qg4. The board is on fire.} Nc5 $2 (20... Qxe6 $18 21. Rxe6 Nc5) 21. Qxb6 Nxb6 {[%emt 0:00:02] [#]} 22. Rxe7+ $1 {[%emt 0:01:36][%mdl 576] Remove Defender, Double Attack.  Weighted Error Value: White=0.01 (flawless) /Black=0.62} 1-0

[Event "4NCL 2021-22"]
[Site "England"]
[Date "2022.04.30"]
[Round "7.11"]
[White "Lupulescu, Constantin"]
[Black "Dong, Bao Nghia"]
[Result "1-0"]
[ECO "C02"]
[WhiteElo "2620"]
[BlackElo "2332"]
[Annotator "TA"]
[PlyCount "81"]
[EventDate "2021.11.27"]
[EventType "team-tourn"]
[EventCountry "ENG"]
[SourceTitle "playchess.com"]
[Source "ChessBase"]
[SourceQuality "1"]
[TimeControl "40/6000+30:3000+30"]

1. e4 {[%emt 0:00:04] Atalik,S} e6 2. d4 d5 3. e5 c5 4. c3 Nc6 5. Nf3 Qb6 6. Be2 Bd7 7. O-O Nh6 8. Bxh6 gxh6 9. Qd2 Rc8 {[%emt 0:03:59] C02: French: Advance Variation.} 10. Na3 cxd4 11. cxd4 Qb4 {[%emt 0:00:07] White is slightly better.} 12. Qe3 Ne7 13. Bd3 {[%emt 0:16:02] [#]} Bg7 $146 ({Predecessor:} 13... Qxb2 14. Nb5 Nf5 15. Qf4 Bxb5 16. Rab1 Qxb1 17. Bxb1 Bxf1 18. Kxf1 Ne7 19. h4 Bg7 {½-½ (79) Stevic,H (2512)-Atalik,S (2575) Bled 2002 CBM 092 [Atalik,S]}) 14. Qe2 (14. Nc2 $5 Qb6 15. Qd2 $11) 14... a6 15. Nc2 Qb6 16. Rad1 Ng6 {[%emt 0:08:04] Threatens to win with ...Nf4.} 17. g3 {[%emt 0:02:57] Prevents Nf4. White now steadily converts the win.} Bb5 18. Ne3 Bxd3 19. Rxd3 Rc6 20. h4 Rg8 (20... Ne7 $142) 21. h5 Ne7 22. Rb3 Qc7 23. Qd3 {[%emt 0:01:04] White is more active.} f5 (23... Rh8 $16 24. Rc3 Kd8) 24. exf6 $1 $18 Bxf6 25. Qxh7 Rg7 {[%emt 0:00:07] [#]} 26. Qd3 ({Worse is} 26. Qxh6 Ng8 27. Nxd5 Nxh6 $11) 26... Nc8 27. Re1 {[%emt 0:04:16] Strongly threatening Nxd5.} Rc1 28. Rc3 Rxe1+ 29. Nxe1 Qb8 (29... Qd7 30. Qd1 Nd6) 30. Nf3 Nd6 31. Rc2 Ne4 32. Ng2 Be7 $2 (32... Rc7 {was called for.} 33. Nf4 Kd7) 33. Qe3 Bg5 34. Nxg5 Rxg5 35. Nf4 Kd7 36. Kf1 Rf5 37. Kg2 Qg8 $2 (37... Rxf4 38. Qxf4 Qxf4 39. gxf4 Nd6) 38. Ng6 Rxh5 {[%emt 0:08:45] [#]} 39. Ne5+ (39. Qf4 $142 $1 Nd6 40. Nf8+ Qxf8 41. Qxf8) 39... Ke7 40. Rc7+ Kf6 41. Qf4+ {[%emt 0:50:30] Weighted Error Value: White=0.35/Black=0.56} 1-0

[Event "4NCL 2021-22"]
[Site "England"]
[Date "2022.04.30"]
[Round "7.12"]
[White "Rendle, Thomas E"]
[Black "Csonka, Balazs"]
[Result "1/2-1/2"]
[ECO "D13"]
[WhiteElo "2365"]
[BlackElo "2483"]
[Annotator "TA"]
[PlyCount "36"]
[EventDate "2021.11.27"]
[EventType "team-tourn"]
[EventCountry "ENG"]
[SourceTitle "playchess.com"]
[Source "ChessBase"]
[SourceQuality "1"]
[TimeControl "40/6000+30:3000+30"]

1. d4 d5 2. c4 c6 3. cxd5 cxd5 4. Nc3 Nf6 5. Bf4 Nc6 6. e3 a6 7. Be2 Bf5 8. Nf3 e6 9. Qb3 {[%emt 0:09:34] D13: Slav Defence: Exchange variation without ...Bf5.} Bd6 10. Bxd6 ({Of course not} 10. Qxb7 Na5 11. Qxa8 Qxa8 $15) 10... Qxd6 11. Qxb7 O-O {[%emt 0:00:08] [#] Black did not feel at home in the position after the opening.  Weighted Error Value: White=0.00 (flawless) /Black=0.00 (flawless)} ({Don't take} 11... Rb8 12. Qxa6 O-O 13. O-O $16) {Predecessor:} 12. Qb3 $146 Rfb8 13. Qa3 Qxa3 14. bxa3 Ne4 15. Na4 Na7 16. Ne5 Nb5 17. f3 Nec3 18. Bxb5 Nxb5 {½-½ (103) Vidit,S (2670)-Korobov,A (2695) Dubai 2017} 1/2-1/2

[Event "4NCL 2021-22"]
[Site "England"]
[Date "2022.04.30"]
[Round "7.14"]
[White "Holland, James P"]
[Black "Turner, Matthew J"]
[Result "1/2-1/2"]
[ECO "C77"]
[WhiteElo "2224"]
[BlackElo "2474"]
[Annotator "TA"]
[PlyCount "30"]
[EventDate "2021.11.27"]
[EventType "team-tourn"]
[EventCountry "ENG"]
[SourceTitle "playchess.com"]
[Source "ChessBase"]
[SourceQuality "1"]
[TimeControl "40/6000+30:3000+30"]

1. e4 e5 2. Nf3 Nc6 3. Bb5 a6 4. Ba4 Nf6 5. Qe2 Bd6 {[%emt 0:05:21] The position is equal.} (5... b5 $5 6. Bb3 Be7 $11) 6. c3 {[%emt 0:10:19] C77: Ruy Lopez: 3...a6 4 Ba4 Nf6, unusual lines.} O-O 7. d3 Re8 8. Nbd2 Bf8 9. Nf1 d6 10. Bg5 h6 {[%emt 0:02:19] [#]} 11. Bxf6 $146 ({Predecessor:} 11. Bh4 Be7 12. Ne3 Nd7 13. Bg3 Nc5 14. Bc2 Ne6 15. Nd5 Bf8 16. O-O Nb8 17. d4 {1-0 (50) Durarbayli,V (2621)-Berczes,D (2506) South Padre Island 2014}) 11... Qxf6 12. Ne3 Bd7 13. Bb3 Ne7 14. g3 Be6 15. Nh4 a5 {[%emt 0:14:18] A rather calm draw.  Weighted Error Value: White=0.05 (flawless) /Black=0.04 (flawless)} 1/2-1/2

[Event "4NCL 2021-22"]
[Site "England"]
[Date "2022.04.30"]
[Round "7.15"]
[White "Kolbus, Dietmar"]
[Black "Lentzos, Ioanis"]
[Result "1/2-1/2"]
[ECO "A06"]
[WhiteElo "2305"]
[BlackElo "2138"]
[Annotator "TA"]
[PlyCount "54"]
[EventDate "2021.11.27"]
[EventType "team-tourn"]
[EventCountry "ENG"]
[SourceTitle "playchess.com"]
[Source "ChessBase"]
[SourceQuality "1"]
[TimeControl "40/6000+30:3000+30"]

1. c4 c6 2. Nf3 d5 3. e3 Nf6 4. b3 e6 5. Bb2 Bd6 6. Be2 {[%emt 0:01:29] A06: Réti Opening: 1 Nf3 d5.} O-O 7. O-O b6 8. d4 {[%emt 0:00:58] The position is equal.} Nbd7 9. Nc3 Bb7 10. cxd5 exd5 11. Qc2 Qe7 12. Bd3 Rfe8 13. Bf5 g6 14. Bh3 {[%emt 0:00:30] [#]} Ne4 $146 ({Predecessor:} 14... h5 15. Rfe1 Ne4 16. Bxd7 Qxd7 17. Ne5 Qf5 18. f3 Nxc3 19. Qxf5 gxf5 20. Bxc3 f6 {½-½ (37) Petrosyan,M (2480)-Hammer,J (2689) Gjakova 2016}) 15. g3 f5 16. Rfe1 Rf8 17. Nd2 h5 ({Black should try} 17... Rac8 $15) 18. f3 (18. Ncxe4 $11 dxe4 19. Nc4) 18... Nxg3 19. hxg3 $11 Bxg3 20. Re2 Ba6 21. Nf1 Qh4 {[%emt 0:00:20] [#]} (21... Bxe2 $11 {and Black has nothing to worry.} 22. Nxe2 Bd6) 22. Kg2 $2 ({White has to play} 22. Rg2 $1 $18 Bxf1 23. Rxf1 Qxh3 24. Ne2) 22... Bd6 $36 {[%emt 0:08:33][%mdl 3072] Black has strong compensation. Black is in control.} (22... Bxe2 $6 23. Nxe2 Be1 24. Nf4 $11) 23. Qb1 (23. Bc1 $17) 23... Qg5+ ({Worse is} 23... Bxe2 24. Nxe2 Rac8 25. Ng1 $17) (23... Rae8 $19 {has better winning chances. ...g5 is the strong threat.} 24. Qe1 Qe7) 24. Kh1 Qh4 (24... Bxe2 $17 25. Nxe2 Qh4) 25. Kg2 $19 Qg5+ ({Stronger than} 25... Bxe2 26. Nxe2 Rac8 27. Ng1 $17) (25... Rae8 $19 {Hoping for ...g5.} 26. Qe1 Qe7) 26. Kh1 $17 Qh4 (26... Bxe2 $17 27. Nxe2 Qh4) 27. Kg2 $19 Qg5+ $2 {[%emt 0:00:07] Weighted Error Value: White=0.28 (precise) /Black=0.52} ({And not} 27... Bxe2 28. Nxe2 Rac8 29. Ng1 $17) (27... Rae8 $19 28. Qe1 Qe7) 1/2-1/2

[Event "4NCL 2021-22"]
[Site "England"]
[Date "2022.04.30"]
[Round "7.16"]
[White "Dilley, Jason M"]
[Black "Terbe, Julianna"]
[Result "1/2-1/2"]
[ECO "D00"]
[WhiteElo "2224"]
[BlackElo "2285"]
[Annotator "TA"]
[PlyCount "61"]
[EventDate "2021.11.27"]
[EventType "team-tourn"]
[EventCountry "ENG"]
[SourceTitle "playchess.com"]
[Source "ChessBase"]
[SourceQuality "1"]
[TimeControl "40/6000+30:3000+30"]

1. d4 d5 2. Bg5 Nf6 3. Bxf6 gxf6 4. e3 c5 5. Nf3 Nc6 6. c3 {[%emt 0:08:43] D00: 1 d4 d5: Unusual lines.} Qb6 7. Qb3 e6 8. Nbd2 Bd7 9. Be2 {[%emt 0:03:28] [#]} Rg8 $146 ({Predecessor:} 9... f5 10. g3 Qxb3 11. axb3 b6 12. Ba6 Rb8 13. Bb5 a5 14. O-O Bd6 15. c4 Nb4 16. Bxd7+ Kxd7 17. cxd5 Nxd5 {½-½ (30) Terry,R (2504)-Efimenko,Z (2601) Chess.com INT 2021}) 10. g3 Qc7 11. e4 (11. O-O $14) 11... cxd4 (11... O-O-O $5 ) 12. exd5 Na5 13. Qc2 {[%emt 0:00:21] And now dxe6 would win.} dxc3 14. Ne4 O-O-O {[%emt 0:22:23] [#] Strongly threatening ...cxb2.} 15. O-O ({White should try} 15. Nxf6 $14 Rg6 16. Nxd7 Rxd7 17. dxe6 Rxe6 18. O-O) 15... Rg6 16. dxe6 ({Much weaker is} 16. Qxc3 exd5 17. Rac1 Nc6 $11) (16. Rad1 {seems wilder.} cxb2 17. Qxb2 Qb6 18. Qc3+) 16... fxe6 17. Qxc3 Qxc3 {[%emt 0:04:06] The position is equal.} 18. Nxc3 Be7 19. Rfd1 Nc6 20. Rac1 a6 21. Ne4 Be8 22. Rxd8+ Kxd8 23. Nc5 Bxc5 24. Rxc5 e5 25. Kf1 Kc7 26. a3 Kd6 27. Rc4 Rg7 28. Ke1 Bg6 29. Nh4 Nd4 30. Nf3 Nc6 31. Nh4 {[%emt 0:00:21] Weighted Error Value: White=0.11 (very precise) /Black=0.09 (flawless)} 1/2-1/2